 Dungeon Crawl Stone Soup version 0.26-a0-612-gd4d190f45e (webtiles) character file.

Game seed: 3552197561392274557

70 Bapho the Cudgeler (level 4, -1/28 HPs)
             Began as a Gargoyle Monk on Sept 9, 2020.
             Slain by a gnoll
             ... wielding a +0 whip
              (6 damage)
             ... on level 1 of the Dungeon.
             The game lasted 00:02:50 (1470 turns).

Bapho the Cudgeler (Gargoyle Monk)                  Turns: 1470, Time: 00:02:50

Health: -1/28      AC:  9    Str: 15    XL:     4   Next: 22%
Magic:  4/4        EV: 10    Int: 11    God:
Gold:   44         SH:  0    Dex: 12    Spells: 3/3 levels left

rFire    . . .     SeeInvis .   a - +0 mace
rCold    . . .     Faith    .   (no shield)
rNeg     + . .     Spirit   .   e - +0 scale mail
rPois    ∞         Reflect  .   (no helmet)
rElec    +         Harm     .   (no cloak)
rCorr    .                      (no gloves)
MR       .....                  (no boots)
Stlth    +.........             (no amulet)
HPRegen  0.09/turn              (no ring)
MPRegen  0.09/turn              (no ring)

@: no status effects
A: negative energy resistance 1, electricity resistance, unbreathing,
petrification resistance, rot immunity, AC +3
a: no special abilities


You were on level 1 of the Dungeon.
You visited 1 branch of the dungeon, and saw 2 of its levels.

You collected 44 gold pieces.

Inventory:

Hand Weapons
 a - a +0 mace (weapon)
Missiles
 d - 69 stones (quivered)
Armour
 b - a +0 robe
 e - a +0 scale mail (worn)
Wands
 i - a wand of acid (7)
Scrolls
 c - 3 scrolls of teleportation
 f - 2 scrolls of magic mapping {unknown}
 g - a scroll of immolation {unknown}
Potions
 h - a potion of curing
 j - a potion of berserk rage
 k - a potion of mutation
 l - a potion of stabbing


   Skills:
 - Level 3.2 Fighting
 * Level 4.9 Maces & Flails
 - Level 2.4 Dodging
 - Level 2.1 Stealth


You had 3 spell levels left.
You didn't know any spells.
Your spell library was empty.

Dungeon Overview and Level Annotations

Branches:
Dungeon (2/15)

Altars:


Innate Abilities, Weirdness & Mutations

You are resistant to torment.
Your stone body is resilient. (AC +3)
You are immune to poison.
You resist negative energy. (rN+)
You are resistant to electric shocks. (rElec)
You can survive without breathing.
You are immune to petrification.
You are immune to rotting.


Message History

You hit the gnoll.
The gnoll is heavily wounded.
The gnoll hits you but does no damage.
You closely miss the gnoll.
The gnoll is heavily wounded.
The gnoll hits you but does no damage.
You closely miss the gnoll.
The gnoll is heavily wounded.
The gnoll hits you with a +0 whip. The gnoll hits you but does no damage.
You hit the gnoll.
The gnoll is severely wounded.
The gnoll hits you but does no damage.
You hit the gnoll but do no damage.
The gnoll is severely wounded.
The gnoll hits you with a +0 whip.
* * * LOW HITPOINT WARNING * * *
You hit the gnoll but do no damage.
The gnoll is severely wounded.
The gnoll hits you with a +0 whip.
You die...

#>##.......#####.########
#.# #......†#### #.# ##.#
#.##.##.# #.# #...
#.##.##.# #.# #...
#.......########.#########
#...
####.###.......#.#.......#
#... #.#
#.......#.....)..)#####..)
#.#
#.......#.......#.........
#.#
#......Kg@..#.............
####.#
#.......#.#.....#.........
#....#
#.......#.#.##..#.#####...
#.#### #..>....#....(....#
#... #.#
###########.......# #...
#.# #.#.#.### #... #.#
#.#.#.# #... #.#
#.....########.# #.# ###
###.###.....##.#


You could see a gnoll and a kobold.

Vanquished Creatures
  Natasha (D:1)
  An adder (D:2)
  A giant cockroach (D:1)
  4 goblins
  5 hobgoblins (D:1)
  4 jackals (D:1)
  4 bats
  A frilled lizard (D:1)
  8 kobolds (D:1)
  6 rats
35 creatures vanquished.

Notes
Turn   | Place    | Note
-------+----------+-------------------------------------------
     0 | D:1      | Bapho the Gargoyle Monk began the quest for the Orb.
     0 | D:1      | Reached XP level 1. HP: 14/14 MP: 1/1
   153 | D:1      | Reached XP level 2. HP: 19/19 MP: 2/2
   255 | D:1      | Reached skill level 4 in Maces & Flails
   354 | D:1      | Reached XP level 3. HP: 23/23 MP: 3/3
   876 | D:2      | Noticed Natasha
   899 | D:1      | Killed Natasha
   899 | D:1      | Reached XP level 4. HP: 10/28 MP: 4/4
  1470 | D:1      | Slain by a gnoll

Illustrated notes

Levels and vault maps discovered:
D:1:      dpeg_arrival_court, layout_loops_cross
D:2:      layout_rooms, minmay_hexomino_f4, uniq_natasha

Skill      XL: |  1  2 |
---------------+-------+-----
Maces & Flails | 4 |  4.9
Fighting       | |  3.2
Dodging        | |  2.4
Stealth        | |  2.1

Action                   |  1- 3 |  4- 6 || total
-------------------------+-------+-------++-------
Melee: Mace              |    70 |    36 ||   106
Throw: Stone             |    45 |    13 ||    58
  Use: Scroll            |     4 |     1 ||     5
 Stab: Sleeping          |     1 |       ||     1
Armor: Scale mail        |    57 |    37 ||    94
       Robe              |     2 |       ||     2
Dodge: Dodged            |    54 |    23 ||    77

Table legend: (Time is in decaauts)
 A = Elapsed time spent in this place.
 B = Non-inter-level travel time spent in this place.
 C = Inter-level travel time spent in this place.
 D = Time resting spent in this place.
 E = Time spent auto-exploring this place.
 F = Levels seen in this place.
 G = Mean time per level.
                   A        B        C        D        E       F      G
               +--------+--------+--------+--------+--------+-----+--------+
         Total |   1507 |   1487 |     20 |    392 |    768 |   2 |  753.5 |
       Dungeon |   1507 |   1487 |     20 |    392 |    768 |   2 |  753.5 |
               +--------+--------+--------+--------+--------+-----+--------+

Top non-repeatable levels by time:
     D:1: 1333 daAuts
     D:2: 174 daAuts
